[Event "15e Open International de Quenza"]
[Site "Chess.com"]
[Date "2026.07.05"]
[Round "09"]
[White "Grimaldi, Vincent"]
[Black "Lagarde, Maxime"]
[Result "0-1"]
[WhiteElo "1636"]
[BlackElo "2583"]
[TimeControl "300+3"]
[Link "https://www.chess.com/fr/events/15e-open-international-de-quenza/09/Grimaldi_Vincent-Lagarde_Maxime"]

1. d4 f5 2. c4 Nf6 3. Nc3 d6 4. e3 g6 5. Bd3 Bg7 6. Nge2 e5 7. O-O O-O 8. b4 Nc6 9. a3 g5 10. b5 Ne7 11. Qc2 e4 12. Bxe4 fxe4 13. Ng3 d5 14. cxd5 Nexd5 15. Ncxe4 Nxe4 16. Nxe4 Bf5 17. f3 g4 18. Kh1 Qh4 19. Qc4 Bxe4 0-1

[Event "15e Open International de Quenza"]
[Site "Chess.com"]
[Date "2026.07.05"]
[Round "09"]
[White "Fressinet, Laurent"]
[Black "Pantalacci, Antoine Marie"]
[Result "1-0"]
[WhiteElo "2565"]
[BlackElo "1636"]
[TimeControl "300+3"]
[Link "https://www.chess.com/fr/events/15e-open-international-de-quenza/09/Fressinet_Laurent-Pantalacci_Antoine_Marie"]

1. d4 Nf6 2. Nf3 d6 3. Nc3 g6 4. e4 Bg7 5. Be3 O-O 6. Qd2 Nbd7 7. Bh6 e5 8. O-O-O c6 9. Bxg7 Kxg7 10. dxe5 dxe5 11. Nxe5 Qe7 12. Nxd7 Bxd7 13. Qd6 Qxd6 14. Rxd6 Rad8 15. Be2 Be6 16. Rhd1 Rd7 17. e5 Nd5 18. Rxd7 Bxd7 19. Nxd5 cxd5 20. Bf3 Re8 21. Bxd5 b6 22. Bxf7 Kxf7 23. Rxd7+ Ke6 24. Rxa7 Kxe5 25.
Rxh7 Ra8 26. Rb7 Rxa2 27. Rxb6 Ra1+ 28.
Kd2 Rh1 29. Rxg6 Rxh2 30. b4 Rh8 31. b5 Rd8+ 32. Kc3 Rc8+ 33. Kb3 Rb8 34. c4 Kd4 35. Kb4 Re8 36. Rd6+ Ke5 37. Rd1 Rf8 38. Rd2 Rg8 39. b6 Rxg2 40. f4+ Kxf4 41. Rxg2 Kf3 42. Rg8 1-0

[Event "15e Open International de Quenza"]
[Site "Chess.com"]
[Date "2026.07.05"]
[Round "09"]
[White "Costa, Laurent Jacques"]
[Black "Maurizzi, MarcAndria"]
[Result "0-1"]
[WhiteElo "1635"]
[BlackElo "2556"]
[TimeControl "300+3"]
[Link "https://www.chess.com/fr/events/15e-open-international-de-quenza/09/Costa_Laurent_Jacques-Maurizzi_MarcAndria"]

1. e4 d6 2. d4 Nf6 3. Nc3 Nbd7 4. Nf3 e5 5. Be3 Be7 6. h3 c6 7. Be2 Qc7 8. a3 b5 9. b4 Bb7 10. O-O O-O 11. Bd3 a6 12. Qc1 Rfe8 13. Re1 Bf8 14. Qb2 c5 15. dxc5 dxc5 16. Ne2 c4 17. Rac1 Rac8 18. Ng3 cxd3 19. cxd3 Qb8 20. Nf5 Rxc1 21. Rxc1 Rc8 22. d4 Rxc1+ 23. Qxc1 Bxe4 24. Bg5 Bxf5 25. Bxf6 Nxf6 26. Nxe5 Qc8 27. Qf4 Nd5 28. Qg3 f6 29. Nf3 Qc1+ 30. Kh2 Nf4 31. Nh4 Ne2 0-1

[Event "15e Open International de Quenza"]
[Site "Chess.com"]
[Date "2026.07.05"]
[Round "09"]
[White "Fedorchuk, Sergey A."]
[Black "Barq, Matteu"]
[Result "1-0"]
[WhiteElo "2530"]
[BlackElo "1629"]
[TimeControl "300+3"]
[Link "https://www.chess.com/fr/events/15e-open-international-de-quenza/09/Fedorchuk_Sergey_A_-Barq_Matteu"]

1. e4 e5 2. Nf3 Nc6 3. Bb5 Nf6 4. d3 d6 5. c4 a6 6. Ba4 Bd7 7. Be3 Be7 8. h3 O-O 9. Nc3 h6 10. O-O Nh7 11. Bxc6 Bxc6 12. d4 Ng5 13. dxe5 Nxf3+ 14. Qxf3 dxe5 15. Rad1 Qc8 16. Nd5 Qe6 17. Nxc7 Qxc4 18. Nxa8 Rxa8 19. b3 Qxe4 20. Qxe4 Bxe4 21. Rd7 Bf6 22.
Bb6 Bc6 23. Rd2 Re8 24. Rfd1 Kh7 25.
Bd8 Re6 26. Rd6 Rxd6 27. Rxd6 Bxd8 28.
Rxd8 f6 29. f3 Kg6 30. Kf2 Kf5 31. Ke3 h5 32. h4 g6 33. Rd6 g5 34. hxg5 Kxg5 35. g3 Kf5 36. Rd8 e4 37. fxe4+ Bxe4 38. Rh8 Bb1 39. Rxh5+ Kg6 40. Rh2 f5 41. Kf4 Be4 42. g4 Bd3 43. Rd2 Bb1 44. gxf5+ Kf7 45. Ke5 Ke7 46. f6+ 1-0

[Event "15e Open International de Quenza"]
[Site "Chess.com"]
[Date "2026.07.05"]
[Round "09"]
[White "Gianni, Paul"]
[Black "Sumets, Andrey"]
[Result "0-1"]
[WhiteElo "1625"]
[BlackElo "2470"]
[TimeControl "300+3"]
[Link "https://www.chess.com/fr/events/15e-open-international-de-quenza/09/Gianni_Paul-Sumets_Andrey"]

1. e4 e6 2. d4 d5 3. e5 c5 4. c3 Nc6 5. Nf3 Bd7 6. Be2 Rc8 7. Nbd2 cxd4 8. cxd4 Qb6 9. Nb3 a5 10. a4 Bb4+ 11. Bd2 Bxd2+ 12. Nbxd2 Nxd4 13. Nxd4 Qxd4 14. Nf3 Qxd1+ 15. Rxd1 Bxa4 16.
Ra1 Bd7 17. O-O b6 18. Rac1 Ne7 19.
Rxc8+ Nxc8 20. Rc1 Kd8 21. Ng5 Be8 22. Bb5 h6 23. Bxe8 Rxe8 24. Nxf7+ Kd7 25. g4 Rf8 26. Nd6 Nxd6 27. exd6 Kxd6 28. Kg2 Rf4 29. Kg3 Rb4 30. Rc2 g5 31. h4 Rb3+ 32. Kg2 gxh4 33. f4 Rg3+ 34. Kf2 Rxg4 35. Ke3 Rg3+ 36. Kd4 Rf3 37. Rh2 Rxf4+ 38. Ke3 Rb4 39. Kd3 a4 40. Kc3 Rb3+ 41. Kd4 e5# 0-1

[Event "15e Open International de Quenza"]
[Site "Chess.com"]
[Date "2026.07.05"]
[Round "09"]
[White "Maze, Sebastien"]
[Black "Cesari, Pierre-Jean"]
[Result "1-0"]
[WhiteElo "2455"]
[BlackElo "1617"]
[TimeControl "300+3"]
[Link "https://www.chess.com/fr/events/15e-open-international-de-quenza/09/Maze_Sebastien-Cesari_Pierre_Jean"]

1. d4 Nf6 2. Nf3 d5 3. Bg5 e6 4. Nbd2 Be7 5. e3 O-O 6. Bd3 c5 7. c3 b6 8. Ne5 Nfd7 9. Bxe7 Qxe7 10. f4 c4 11. Bc2 Qh4+ 12. g3 Qe7 13. Qh5 g6 14. Qe2 f6 15. Nxd7 Nxd7 16. h4 e5 17. h5 e4 18. hxg6 hxg6 19. b3 b5 20. a4 b4 21. bxc4 Ba6 22. Qh2 Qg7 23. cxb4 f5 24. b5 Bc8 25. Bb3 Nf6 26. cxd5 Re8 27. Nc4 Ng4 28. Qh4 Bd7 29. Ne5 Nxe3 30. Ke2 Ng4 31. Nxd7 Rac8 32. d6+ 1-0

[Event "15e Open International de Quenza"]
[Site "Chess.com"]
[Date "2026.07.05"]
[Round "09"]
[White "Zhivotov, Igor"]
[Black "Brodowski, Piotr"]
[Result "0-1"]
[WhiteElo "1574"]
[BlackElo "2435"]
[TimeControl "300+3"]
[Link "https://www.chess.com/fr/events/15e-open-international-de-quenza/09/Zhivotov_Igor-Brodowski_Piotr"]

1. d4 Nf6 2. Nc3 g6 3. e4 d6 4. Be3 a6 5. f3 b5 6. g4 Bb7 7. Qd2 h5 8. g5 Nfd7 9. h4 Bg7 10. d5 c5 11. dxc6 Nxc6 12. O-O-O O-O 13. f4 Rc8 14. Nf3 b4 15. Nd5 Qa5 16. Kb1 e6 17. Nf6+ Nxf6 18. gxf6 Bxf6 19. Nd4 Nxd4 20. Bxd4 Bxe4 21. Bd3 Bxd3 22. Qxd3 Bxd4 23. Qxd4 Rc6 24. Rhe1 Rfc8 25. Re2 Qf5 26. Rdd2 a5 27. b3 d5 28. Qf2 Rc3 29. Re5 Qg4 30. Rg5 Qf3 31. Qd4 Qe3 32. Qxe3 Rxe3 33. Kb2 Kg7 34. Rgg2 Kf6 35. Rde2 Rxe2 36. Rxe2 Rc3 37. a4 Rf3 38. Rd2 Rxf4 39. c3 bxc3+ 40. Kxc3 Rxh4 41. Rd4 Rh3+ 42. Kc2 Ke5 43. Rd3 Rh4 44. Kd2 0-1

[Event "15e Open International de Quenza"]
[Site "Chess.com"]
[Date "2026.07.05"]
[Round "09"]
[White "Relange, Eloi"]
[Black "Gabino, Julien"]
[Result "1-0"]
[WhiteElo "2416"]
[BlackElo "1572"]
[TimeControl "300+3"]
[Link "https://www.chess.com/fr/events/15e-open-international-de-quenza/09/Relange_Eloi-Gabino_Julien"]

1. d4 f5 2. Nf3 Nf6 3. g3 b6 4. Bg2 Bb7 5. O-O e6 6. c4 d5 7. Nbd2 Bb4 8. Ne5 Nbd7 9. Ndf3 Bd6 10. Qa4 O-O 11. Bf4 Nh5 12. Nxd7 Nxf4 13. gxf4 c6 14. Nxf8 Qxf8 15. Ne5 Qf6 16. Rac1 Rc8 17. Qxa7 Qe7 18. Qxb6 Bxe5 19. dxe5 Rb8 20. cxd5 exd5 21. Rxc6 Qd7 22. Rc7 Qd8 23. Rfc1 1-0

[Event "15e Open International de Quenza"]
[Site "Chess.com"]
[Date "2026.07.05"]
[Round "09"]
[White "De Surrel, Henri"]
[Black "Kosteniuk, Alexandra"]
[Result "0-1"]
[WhiteElo "1564"]
[BlackElo "2392"]
[TimeControl "300+3"]
[Link "https://www.chess.com/fr/events/15e-open-international-de-quenza/09/De_Surrel_Henri-Kosteniuk_Alexandra"]

1. d4 Nf6 2. Nd2 d5 3. Ngf3 g6 4. e3 Bg7 5. c3 O-O 6. b4 Nbd7 7. a4 Re8 8. Bd3 e5 9. dxe5 Ng4 10. O-O Ndxe5 11. Nxe5 Nxe5 12. Be2 a5 13. b5 Bf5 14. Bb2 Nd3 15. Bxd3 Bxd3 16. Re1 c6 17. Nf3 Bc4 18. bxc6 bxc6 19. Qd2 Rb8 20. Rab1 c5 21. h3 Qc7 22. g3 Qc6 23. Ng5 h6 24. Nf3 Qxa4 25. Bc1 Rxb1 26. Kg2 Qc6 27. Qe2 0-1

[Event "15e Open International de Quenza"]
[Site "Chess.com"]
[Date "2026.07.05"]
[Round "09"]
[White "Pierrat, John"]
[Black "Kjartansson, Gudmundur"]
[Result "0-1"]
[WhiteElo "1551"]
[BlackElo "2367"]
[TimeControl "300+3"]
[Link "https://www.chess.com/fr/events/15e-open-international-de-quenza/09/Pierrat_John-Kjartansson_Gudmundur"]

1. e4 c6 2. Nf3 d5 3. Nc3 Nf6 4. e5 Ne4 5. d4 c5 6. Be3 Nc6 7. Bb5 Bf5 8. Bxc6+ bxc6 9. O-O c4 10. Nh4 Nxc3 11. bxc3 Be4 12. f3 Bg6 13. Nxg6 hxg6 14. Bg5 Qc8 15. f4 f6 16. Bh4 Rxh4 17. Rf3 Rb8 18. Qe1 Rh8 19. Qg3 Qf5 20. Qf2 Rb2 21. exf6 gxf6 22. Rc1 Kf7 23. Rg3 e6 24. Qe2 Bd6 25. Rf3 0-1

[Event "15e Open International de Quenza"]
[Site "Quenza"]
[Date "2026.07.05"]
[Round "2.3"]
[White "BERNARDI, Alexandre"]
[Black "FRESSINET, Laurent"]
[Result "0-1"]
[TimeControl "5min+3s"]
[WhiteTitle "-"]
[BlackTitle "GM"]
[WhiteFideId "-"]
[BlackFideId "-"]
[WhiteElo "1948"]
[BlackElo "2565"]

1. e4 e5 2. Nf3 Nc6 3. d4 exd4 4. Nxd4 Qf6 5. Be3 Bc5 6. Nb5 Bxe3 7. fxe3 Qh4+ 8. g3 Qd8 9. Qg4 g5 10. Qf3 Ne5 11. Qf2 a6 12. Nd4 d6 13. Nc3 Nf6 14. Be2 Nfg4 15. Qg1 Be6 16. h3 Nf6 17. O-O-O Qe7 18.
Nf5 Bxf5 19. exf5 O-O-O 20. Qg2 Kb8 21. Rd4 c6 22. e4 c5 23. Rd2 Nc6 24. Bc4 Rhe8 25. Kb1 Rd7 26. Rhd1 Nxe4 27. Nxe4 Qxe4 28. Qf1 Qe7 29.
a3 Qd8 30. Qg2 Re5 31. Bxa6 Nd4 32. Bd3 Qc7 33. Qf2 Nc6 34. Bb5 f6 35. g4 Qb6 36. Bxc6 Qxc6 37. Qg3 Qc7 38. Qc3 d5 0-1

[Event "15e Open International de Quenza"]
[Site "Quenza"]
[Date "2026.07.05"]
[Round "2.17"]
[White "BASTIANI, Camille"]
[Black "BATSIASHVILI, Nino"]
[Result "0-1"]
[TimeControl "5min+3s"]
[WhiteTitle "-"]
[BlackTitle "GM"]
[WhiteFideId "-"]
[BlackFideId "-"]
[WhiteElo "1755"]
[BlackElo "2306"]

1. d4 d5 2. Bf4 Nf6 3. e3 c5 4. c3 Nc6 5. Bd3 Qb6 6.
Qc2 c4 7. Be2 g6 8. Nd2 Bf5 9. Qc1 Bg7 10. Ngf3 O-O 11. Nh4 Be6 12. b3 cxb3 13. axb3 Rfc8 14. Nhf3 Nh5 15. Bg3 Nxg3 16. hxg3 Qc7 17.
Ng5 Nd8 18. c4 dxc4 19. bxc4 h6 20. Nxe6 Nxe6 21. O-O a5 22. Qb2 h5 23. Rfb1 Ra7 24. Qb6 Qxb6 25. Rxb6 Nxd4 26. exd4 Bxd4 27. Rab1 Bxb6 28. Rxb6 a4 29. Ne4 a3 30. Rb1 a2 31. Ra1 Ra3 32. Nd2 Rca8 33. c5 Rc3 34. Bc4 Rc2 0-1

[Event "15e Open International de Quenza"]
[Site "Quenza"]
[Date "2026.07.05"]
[Round "2.4"]
[White "MAURIZZI, Marc Andria"]
[Black "HAVE, Didier"]
[Result "1-0"]
[TimeControl "5min+3s"]
[WhiteTitle "GM"]
[BlackTitle "-"]
[WhiteFideId "-"]
[BlackFideId "-"]
[WhiteElo "2556"]
[BlackElo "1965"]

1. e4 d6 2. Nc3 Nf6 3. d4 Nbd7 4. g4 h6 5. h3 e5 6. Nge2 Be7 7. Bg2 c6 8. a3 Qc7 9. Be3 b6 10.
Ng3 g6 11. O-O Bb7 12. f4 O-O-O 13. a4 Kb8 14. a5 h5 15. g5 Ne8 16. fxe5 dxe5 17. d5 Nd6 18. axb6 axb6 19. dxc6 Bxc6 20.
Nd5 Bxd5 21. Qxd5 Qb7 22. h4 Qxd5 23. exd5 Nc4 24. Rxf7 Nxe3 25. Rxe7 Nxc2 26. Rc1 Nd4 27. d6 Nc5 28. b4 Na6 29. Rb7+ Ka8 30. Rxb6+ Ka7 31.
Rb7+ Ka8 32. Ra1 Rxd6 33. Rb6+ 1-0

[Event "15e Open International de Quenza"]
[Site "Quenza"]
[Date "2026.07.05"]
[Round "2.5"]
[White "LAGUNES, Matthieu"]
[Black "FEDORCHUK, Sergey A."]
[Result "0-1"]
[TimeControl "5min+3s"]
[WhiteTitle "-"]
[BlackTitle "GM"]
[WhiteFideId "-"]
[BlackFideId "-"]
[WhiteElo "1917"]
[BlackElo "2530"]

1. e4 c5 2. Nf3 e6 3. c3 d5 4. exd5 Qxd5 5. d4 Nf6 6. Be3 cxd4 7. Qxd4 Nc6 8. Qxd5 Nxd5 9. Bd2 e5 10.
g3 f6 11. Bg2 Be6 12. O-O Kf7 13. h4 Be7 14. a4 Na5 15. b4 Nb3 16. Ra3 Nxd2 17. Nbxd2 a5 18. Rb1 axb4 19. cxb4 Nxb4 20.
a5 Ra7 21. Ra4 Nc6 22. Ne1 Nxa5 23. Ne4 Rd8 24. Rb6 Rd1 25. Kf1 Bc4+ 26. Rxc4 Nxc4 27. Rb3 Raa1 0-1

[Event "15e Open International de Quenza"]
[Site "Quenza"]
[Date "2026.07.05"]
[Round "2.12"]
[White "KOSTENIUK, Alexandra"]
[Black "GERONIMI, Paul-Antoine"]
[Result "1-0"]
[TimeControl "5min+3s"]
[WhiteTitle "GM"]
[BlackTitle "-"]
[WhiteFideId "-"]
[BlackFideId "-"]
[WhiteElo "2392"]
[BlackElo "1844"]

1. e4 c5 2. d4 e6 3. Nc3 cxd4 4. Qxd4 Nc6 5.
Qd3 a6 6. Bf4 Nb4 7. Qd2 Nf6 8. a3 Qa5 9. O-O-O Nc6 10. Bd6 Bxd6 11. Qxd6 Qg5+ 12. f4 Qg6 13. Re1 Ne7 14. Nf3 b5 15. Rg1 Bb7 16. Bd3 Qh5 17. f5 Rc8 18. Kb1 Rc6 19.
Qb8+ Bc8 20. Ne5 Rc5 21. Qd6 Rxe5 22. Qxe5 O-O 23. g4 Qh3 24. g5 Nh5 25. Qd6 1-0

[Event "15e Open International de Quenza"]
[Site "Quenza"]
[Date "2026.07.05"]
[Round "2.8"]
[White "PAKLEZA, Zbigniew"]
[Black "LE ROY, Tristan"]
[Result "1-0"]
[TimeControl "5min+3s"]
[WhiteTitle "GM"]
[BlackTitle "-"]
[WhiteFideId "-"]
[BlackFideId "-"]
[WhiteElo "2453"]
[BlackElo "1915"]

1. d4 Nf6 2. Nf3 e6 3.
Bf4 d5 4. e3 Bd6 5. Bg3 c5 6. Nbd2 Qc7 7.
Be2 O-O 8. O-O Nbd7 9. c4 e5 10. dxe5 Nxe5 11. cxd5 Nxd5 12. Bxe5 Bxe5 13. Nc4 Rd8 14. Ncxe5 Nxe3 15. Qb3 Nxf1 16. Rxf1 Be6 17. Bc4 Bxc4 18. Qxc4 h6 19. h4 a6 20.
a4 Rab8 21. Rc1 b5 22. axb5 axb5 23. Qe4 Rb6 24. g3 Rbd6 25. Kg2 c4 26. b3 c3 27. b4 Rd1 28. Rc2 Qe7 29. Qf4 Rc8 30.
h5 Rb1 31. Qf5 Rc7 32. Rxc3 Rxb4 33. Re3 Qe6 34. Qd3 Rc8 35. Qe2 Rb1 36. Nd4 Qd5+ 37. Nef3 b4 38. Re5 Qc4 39. Re8+ Kh7 40. Qe4+ g6 41. hxg6+ fxg6 42. Qe7+ 1-0

[Event "15e Open International de Quenza"]
[Site "Quenza"]
[Date "2026.07.05"]
[Round "2.16"]
[White "KJARTANSSON, Gudmundur"]
[Black "TANNOUS BONELLI, Maxime"]
[Result "1-0"]
[TimeControl "5min+3s"]
[WhiteTitle "GM"]
[BlackTitle "-"]
[WhiteFideId "-"]
[BlackFideId "-"]
[WhiteElo "2367"]
[BlackElo "1802"]

1. e4 e5 2. Nf3 Nc6 3. Bb5 d6 4. d4 exd4 5. Nxd4 Bd7 6. Nc3 Nf6 7. O-O Be7 8. Re1 O-O 9.
h3 Nxd4 10. Qxd4 Bxb5 11. Nxb5 a6 12. Nc3 Re8 13. Bf4 Qd7 14. Rad1 Rad8 15. a4 Qc6 16. Rd3 Nh5 17. Bd2 Qc5 18. Qxc5 dxc5 19. Nd5 Bd6 20. f3 Ng3 21.
Bg5 f6 22. Bf4 Nh5 23. Bxd6 Rxd6 24. Nxc7 Rxd3 25. cxd3 Rc8 26. Nd5 g5 27. Ne7+ 1-0

[Event "15e Open International de Quenza"]
[Site "Quenza"]
[Date "2026.07.05"]
[Round "2.6"]
[White "SUMETS, Andrey"]
[Black "FRAGNAUD, Jean-Guy"]
[Result "1-0"]
[TimeControl "5min+3s"]
[WhiteTitle "GM"]
[BlackTitle "-"]
[WhiteFideId "-"]
[BlackFideId "-"]
[WhiteElo "2470"]
[BlackElo "1929"]

1. d4 Nf6 2. c4 c5 3. d5 e6 4.
Nf3 exd5 5. cxd5 d6 6. Nc3 g6 7. Nd2 a6 8. a4 Nbd7 9. e4 Bg7 10. Be2 O-O 11. O-O Re8 12. Re1 Qc7 13.
Qc2 Rb8 14. b3 Ne5 15. Bb2 Bg4 16. f3 Bc8 17. Nc4 Nfd7 18. Ne3 h5 19. f4 Ng4 20. Nxg4 hxg4 21. Bxg4 c4 22. bxc4 Qxc4 23.
Be2 Qc7 24. Rac1 Nc5 25. Bf3 Bd7 26. Kh1 b5 27. axb5 axb5 28. e5 Bf5 29. Ne4 dxe5 30. Qxc5 Qa5 31. fxe5 Bxe5 32. Bxe5 Rxe5 33.
Nf6+ Kg7 34. Rxe5 Kxf6 35. Qd6+ 1-0

[Event "15e Open International de Quenza"]
[Site "Quenza"]
[Date "2026.07.05"]
[Round "2.10"]
[White "BRODOWSKI, Piotr"]
[Black "CHARNI, Ilyes"]
[Result "1-0"]
[TimeControl "5min+3s"]
[WhiteTitle "IM"]
[BlackTitle "-"]
[WhiteFideId "-"]
[BlackFideId "-"]
[WhiteElo "2435"]
[BlackElo "1876"]

1. c4 Nf6 2. g3 e6 3. Bg2 d5 4. Nf3 Be7 5. O-O O-O 6. b3 c5 7. cxd5 exd5 8. d4 cxd4 9. Nxd4 Nc6 10. Bb2 Re8 11.
Nd2 Bc5 12. N2f3 Ne4 13. Rc1 Qb6 14. e3 a5 15. Nxc6 bxc6 16. Bd4 Ba6 17. Re1 Bxd4 18. Qxd4 Qxd4 19. Nxd4 c5 20. Nf5 a4 21. Bxe4 dxe4 22. Rxc5 axb3 23.
axb3 Rab8 24. Nd4 Rec8 25. Rec1 Rxc5 26. Rxc5 h6 27. h4 Bd3 28. g4 Ra8 29. Kg2 Ra6 30. b4 Rg6 31. Kg3 h5 32. Rxh5 Ba6 33. Rc5 Kf8 34. Rc6 Rxc6 35. Nxc6 Bb7 36. Nd4 Ke7 37. Kf4 Kd6 38. Nf5+ 1-0

[Event "15e Open International de Quenza"]
[Site "Quenza"]
[Date "2026.07.05"]
[Round "2.14"]
[White "YANKELEVICH, Lev"]
[Black "SIBILLE, Ettore"]
[Result "1-0"]
[TimeControl "5min+3s"]
[WhiteTitle "GM"]
[BlackTitle "-"]
[WhiteFideId "-"]
[BlackFideId "-"]
[WhiteElo "2373"]
[BlackElo "1822"]

1. d4 f5 2. Nf3 Nf6 3. c4 g6 4. e3 d6 5. b4 Bg7 6. Bb2 O-O 7. Qb3 Kh8 8. Be2 Nbd7 9. O-O Ne4 10. d5 Bxb2 11. Qxb2+ Ndf6 12. Nd4 Kg8 13. h4 Bd7 14.
g3 a6 15. Kg2 Ng4 16. Nc3 Nxc3 17. Qxc3 Nf6 18. Bf3 b6 19. Qd3 Rb8 20. a3 Qe8 21. Rh1 Kg7 22. Rae1 h5 23. Ne2 e5 24. dxe6 Bxe6 25. Nf4 Bf7 26.
Rc1 Qe5 27. Bd5 Nxd5 28. cxd5 Rbc8 29. Rc3 Rfe8 30. Rhc1 Re7 31. Kg1 b5 32. Rc6 Qb2 33. R6c3 Be8 1-0

[Event "15e Open International de Quenza"]
[Site "Quenza"]
[Date "2026.07.05"]
[Round "2.9"]
[White "BENZIDI, Lyad"]
[Black "TERRIEUX, Kevin"]
[Result "0-1"]
[TimeControl "5min+3s"]
[WhiteTitle "-"]
[BlackTitle "IM"]
[WhiteFideId "-"]
[BlackFideId "-"]
[WhiteElo "1846"]
[BlackElo "2451"]

1. d4 d5 2. c4 dxc4 3. Nf3 Nf6 4. e3 Bg4 5. Bxc4 e6 6. Nc3 Nc6 7. O-O Bd6 8. h3 Bh5 9. Be2 O-O 10.
e4 Bxf3 11. Bxf3 Nxd4 12. Bg5 h6 13. Be3 Be5 14. Be2 Nxe2+ 15. Qxe2 Bxc3 16. bxc3 Nxe4 17. Bxh6 Nxc3 18. Qe5 Qd4 19.
Bxg7 Qxe5 20. Bxe5 Nd5 21. Rab1 b6 22. Rb3 f6 23. Bb2 c5 24. Re1 Kf7 25. Rd3 c4 26. Rf3 Rac8 27. Ba3 Rfe8 28.
Rc1 b5 29. Kf1 b4 30. Bb2 c3 31. Ba1 a5 32. a3 Rc4 33. axb4 0-1

[Event "15e Open International de Quenza"]
[Site "Quenza"]
[Date "2026.07.05"]
[Round "2.2"]
[White "LAGARDE, Maxime"]
[Black "PAOLI, Guillaume"]
[Result "1-0"]
[TimeControl "5min+3s"]
[WhiteTitle "GM"]
[BlackTitle "-"]
[WhiteFideId "-"]
[BlackFideId "-"]
[WhiteElo "2583"]
[BlackElo "1991"]

1. Nf3 c5 2. b3 d6 3. Bb2 Nf6 4.
Bxf6 gxf6 5. c4 Nc6 6.
Nc3 Bg4 7. e3 Ne5 8. Be2 Bxf3 9. Bxf3 Rb8 10. d4 Qa5 11. Rc1 Nxf3+ 12. Qxf3 Bh6 13. dxc5 Qxc5 14. O-O Rg8 15. Nd5 Rg6 16. b4 Qc8 17.
c5 dxc5 18. Rxc5 Qg4 19. Qxg4 Rxg4 20. f4 Kf8 21. Rfc1 Rd8 22. Rc8 Ke8 23. Rxd8+ Kxd8 24. Rd1 Ke8 25. Nc7+ Kf8 26. Rd8+ Kg7 27. h3 Rh4 28. Kf2 e5 29.
Kg3 Rh5 30. Kg4 1-0

[Event "15e Open International de Quenza"]
[Site "Quenza"]
[Date "2026.07.05"]
[Round "2.1"]
[White "GERONIMI, Jean-Thomas"]
[Black "KOELLE, Tobias"]
[Result "0-1"]
[TimeControl "5min+3s"]
[WhiteTitle "-"]
[BlackTitle "IM"]
[WhiteFideId "-"]
[BlackFideId "-"]
[WhiteElo "1972"]
[BlackElo "2613"]

1. e4 c5 2. Nf3 d6 3. d4 cxd4 4.
Nxd4 Nf6 5. Nc3 a6 6. f3 e5 7. Nb3 Be6 8. Be3 Be7 9.
Qd2 O-O 10. O-O-O Nbd7 11. Nd5 Nxd5 12. exd5 Bf5 13. Kb1 b5 14. Bd3 Bxd3 15. Qxd3 Qc7 16. g4 Rfb8 17. h4 a5 18. g5 b4 19. h5 a4 20. Nd2 Bf8 21. g6 Nf6 22. Bg5 b3 23.
cxb3 axb3 24. a3 Nxd5 25. Ne4 Qc2+ 26. Qxc2 bxc2+ 27. Kxc2 Nb6 28. gxf7+ Kxf7 29. Nxd6+ Ke6 30. Ne4 Nc4 31. Bc1 Rc8 32.
Kd3 Rab8 33. b4 Ra8 34.
Ke2 Nxa3 35. Bxa3 Rxa3 36. Nc5+ Bxc5 37. bxc5 Rxc5 38. Rd3 Rc2+ 39. Ke3 Raa2 40. Rb3 Re2+ 41. Kd3 Rad2+ 42. Kc3 Rd7 43. Rb6+ Kf5 44. Rf1 Re3+ 45. Kc4 Rd4+ 46. Kc5 Rc3+ 47. Kb5 Rb3+ 48. Ka5 Rxb6 49. Kxb6 Rh4 50. Rg1 Kf6 51. Kc5 Rxh5 52. Kd5 Rh4 53. Ra1 Rd4+ 54. Kc5 h5 55. Ra6+ Kf5 56. Ra7 g5 57. Rf7 Kg6 58. Re7 Kf6 59. Rh7 h4 60. Rh6+ Kf5 61. Rh8 Rf4 62. Kd5 Rxf3 63.
Rf8 Kg4 64. Ra8 h3 0-1

[Event "15e Open International de Quenza"]
[Site "Quenza"]
[Date "2026.07.05"]
[Round "2.7"]
[White "SABIANI, Chjara"]
[Black "MAZE, Sebastien"]
[Result "0-1"]
[TimeControl "5min+3s"]
[WhiteTitle "-"]
[BlackTitle "GM"]
[WhiteFideId "-"]
[BlackFideId "-"]
[WhiteElo "1881"]
[BlackElo "2455"]

1. d4 Nf6 2. c4 g6 3. Nc3 Bg7 4. e4 d6 5. Be2 Nbd7 6. Bg5 e5 7. d5 a5 8. h4 h6 9. Be3 Nc5 10. f3 Nh5 11. Kf2 O-O 12. g4 Nf4 13.
Bxf4 exf4 14. Qd2 Be5 15. Nh3 Qxh4+ 16. Kf1 Qf6 17. Nb5 c6 18. Nc3 Kg7 19.
Kg2 Rh8 20. Rag1 Bd7 21. Kf1 a4 22. Nd1 Rab8 23. Nhf2 b5 24. cxb5 cxb5 25. Nd3 Nxd3 26. Bxd3 b4 27. Rg2 b3 28.
a3 Rbc8 29. Qb4 Rc1 30. Qd2 Bxb2 31. Ke2 Bxa3 32. Nf2 b2 33. Bb1 Rxh1 34. Nxh1 Bb5+ 35. Kd1 Bc5 36. Qxb2 Qxb2 37. Rxb2 Bc4 38. Ba2 a3 39. Rc2 Bxa2 40. Rxa2 h5 41. Nf2 hxg4 42. fxg4 Rh2 43. Ke1 Rxf2 0-1

[Event "15e Open International de Quenza"]
[Site "Quenza"]
[Date "2026.07.05"]
[Round "2.13"]
[White "APPIETTO, Andria"]
[Black "TREGUBOV, Pavel V."]
[Result "0-1"]
[TimeControl "5min+3s"]
[WhiteTitle "-"]
[BlackTitle "GM"]
[WhiteFideId "-"]
[BlackFideId "-"]
[WhiteElo "1815"]
[BlackElo "2391"]

1. d4 Nf6 2. Nf3 e6 3.
Bg5 c5 4. e3 d5 5. c3 Nc6 6.
Bd3 Be7 7. Nbd2 O-O 8. O-O Qc7 9. Qe2 e5 10. dxe5 Nxe5 11. Nxe5 Qxe5 12. Nf3 Qc7 13. c4 dxc4 14. Bxc4 Bg4 15. h3 Bh5 16. Rfd1 Rad8 17.
g4 Bg6 18. Rac1 Ne4 19. Bxe7 Qxe7 20. Rd5 Rxd5 21. Bxd5 h5 22. Bxe4 Bxe4 23. Nd2 Bc6 24. gxh5 Rd8 25. Nf1 Qe4 26.
f3 Qf5 27. e4 Qg5+ 0-1

[Event "15e Open International de Quenza"]
[Site "Quenza"]
[Date "2026.07.05"]
[Round "2.11"]
[White "LOVICHI, Raphael"]
[Black "RELANGE, Eloi"]
[Result "0-1"]
[TimeControl "5min+3s"]
[WhiteTitle "-"]
[BlackTitle "GM"]
[WhiteFideId "-"]
[BlackFideId "-"]
[WhiteElo "1824"]
[BlackElo "2416"]

1. e4 c5 2. Nf3 Nc6 3. c3 Nf6 4. e5 Nd5 5. d4 cxd4 6. cxd4 d6 7. Bc4 Nb6 8. Bb5 dxe5 9. Nxe5 Bd7 10. Nxd7 Qxd7 11. Nc3 Rd8 12. Be3 a6 13. Bxc6 Qxc6 14.
O-O e6 15. Qg4 h5 16. Qe4 Qxe4 17. Nxe4 Nd5 18.
Rac1 Bd6 19. Nc5 Bxc5 20. Rxc5 Kd7 21. Rfc1 Rc8 22. Kf1 b6 23. Rxc8 Rxc8 24. Rxc8 Kxc8 25. Ke2 Kd7 26. a3 Kd6 27. Kd3 b5 28. Bd2 Nb6 29.
Ke4 Nc4 30. Bb4+ Kc6 31. b3 Nb6 32. Bf8 g6 33. Ke5 Nd7+ 0-1

[Event "15e Open International de Quenza"]
[Site "Quenza"]
[Date "2026.07.05"]
[Round "2.15"]
[White "FERRANDI, Bernard"]
[Black "RATIER-FONTANA, Matteo"]
[Result "0-1"]
[TimeControl "5min+3s"]
[WhiteTitle "-"]
[BlackTitle "-"]
[WhiteFideId "-"]
[BlackFideId "-"]
[WhiteElo "1796"]
[BlackElo "2368"]

1. e4 a6 2. d4 g6 3. f4 c6 4. Nf3 d5 5. e5 Bf5 6. c4 h5 7. Nc3 Nh6 8. Bd3 Bxd3 9. Qxd3 e6 10.
c5 Nf5 11. Be3 Be7 12. O-O-O b6 13. h3 bxc5 14. dxc5 Nd7 15. Na4 Qa5 16. Qc2 Nxe3 0-1

[ePGN "0.1;DGT LiveChess/2.2.11"]